 Dungeon Crawl Stone Soup version 0.19-a0-1740-g0bcaf2e (webtiles) character file.

2593 Alarkh the Reanimator (level 9, -10/63 HPs)
             Began as a Mummy Necromancer on Oct 1, 2016.
             Was an Initiate of Gozag.
             Killed from afar by removeelyvilon's ghost (24 damage)
             ... with a flame tongue
             ... on level 8 of the Dungeon.
             The game lasted 00:15:36 (8178 turns).

Alarkh the Reanimator (Mummy Necromancer)           Turns: 8178, Time: 00:15:36

Health: -10/63     AC:  5    Str: 11    XL:     9   Next: 33%
Magic:  0/20       EV: 13    Int: 17    God:    Gozag
Gold:   922        SH:  0    Dex: 13    Spells: 3 memorised, 15 levels left

rFire  x . .     SeeInvis .     b - +0 falchion
rCold  + . .     Gourm    .     D - +1 robe {MR+}
rNeg   + + +     Faith    .     (no shield)
rPois  ∞         Spirit   +     (no helmet)
rElec  .         Dismiss  .     l - +0 cloak
rCorr  .         Reflect  .     f - +0 pair of gloves
MR     +++..     Harm     .     (no boots)
Stlth  ++........               s - amulet of guardian spirit
                                t - ring of protection from magic
                                B - +1 ring of slaying

@: no status effects
A: no food or potions, fire vulnerability, cold resistance 1, negative energy
resistance 3, torment resistance, unbreathing
a: Potion Petition, Call Merchant, Bribe Branch, Renounce Religion


You were on level 8 of the Dungeon.
You worshipped Gozag.
Gozag was pleased with you.
You were not hungry.

You visited 2 branches of the dungeon, and saw 9 of its levels.

You collected 1105 gold pieces.
You spent 96 gold pieces at shops.
You paid 87 gold pieces to Gozag.

Inventory:

Hand Weapons
 a - a +2 short sword of draining
 b - a +0 falchion (weapon)
 c - a +0 dagger
 y - a +0 antimagic hand axe
Armour
 f - a +0 pair of gloves (worn)
 k - a +0 robe
 l - a +0 cloak (worn)
 x - the +1 robe "Puewisi" {Dex+2}
   (You found it on level 5 of the Dungeon)

   It affects your dexterity (+2).
 D - a +1 robe of magic resistance (worn)
Magical Staves
 r - an uncursed staff of fire
Jewellery
 j - a +2 ring of dexterity
 s - an amulet of guardian spirit (around neck)
 t - a ring of protection from magic (right hand)
 B - a +1 ring of slaying (left hand)
Wands
 v - a wand of confusion (8/48)
 C - a wand of flame (13/48)
 E - a wand of heal wounds (6/9)
Scrolls
 d - 2 scrolls of noise
 e - 3 scrolls of identify
 g - 6 scrolls of remove curse
 h - 2 scrolls of fear
 i - 2 scrolls of amnesia
 m - a scroll of enchant armour
 o - 4 scrolls of fog
 p - a scroll of magic mapping {unknown}
 q - 4 scrolls of teleportation {unknown}
 u - 2 scrolls of blinking {unknown}
 w - 4 scrolls of immolation {unknown}
 z - 2 scrolls of recharging {unknown}
 A - a scroll of acquirement {unknown}
Books
 n - a book of Necromancy

   Spells                             Type                      Level
   a - Pain                           Necromancy                   1
   b - Animate Skeleton               Necromancy                   1
   c - Vampiric Draining              Necromancy                   3
   d - Regeneration                   Charms/Necromancy            3
   e - Animate Dead                   Necromancy                   4
   f - Control Undead                 Necromancy                   4


   Skills:
 + Level 3.1 Fighting
 + Level 2.6 Armour
 + Level 3.3 Dodging
 - Level 1.5 Stealth
 - Level 7.5 Spellcasting
 - Level 8.8 Necromancy


You had 15 spell levels left.
You knew the following spells:

 Your Spells              Type           Power        Failure   Level  Hunger
a - Pain                  Necr           ####         1%          1    N/A
b - Vampiric Draining     Necr           #####.....   1%          3    N/A
c - Control Undead        Necr           #####.....   3%          4    N/A

Dungeon Overview and Level Annotations

Branches:
Dungeon (8/15)             Temple (1/1) D:4
   Lair: D:8-11

Altars:
Ashenzari
Cheibriados
Elyvilon
Fedhas
Gozag
Hepliaklqana
Makhleb
Okawaru
Qazlal
Ru
Sif Muna
Trog
Uskayaw
Vehumet
Xom
Yredelemnul
Zin
The Shining One

Shops:
D:6 *

Annotations:
D:4 1 exclusion
D:6 exclusion: downstairs
D:8 Maurice; Pikel; removeelyvilon's ghost, novice GrFE


Innate Abilities, Weirdness & Mutations

You do not eat or drink.
Your flesh is vulnerable to fire.
You are immune to poison.
Your flesh is cold resistant. (rC+)
You are immune to negative energy. (rN+++)
You are immune to unholy pain and torment.
You can survive without breathing.


Message History

The hungry ghost closely misses you.
You hit the hungry ghost.
The hungry ghost is almost destroyed.
The hungry ghost hits you. Removeelyvilon's ghost hits you!
You miss the hungry ghost.
The hungry ghost is almost destroyed.
The hungry ghost hits you. Removeelyvilon's ghost hits you!
* * * LOW HITPOINT WARNING * * *
You closely miss the hungry ghost.
The hungry ghost is almost destroyed.
The hungry ghost hits you. Removeelyvilon's ghost hits you.
* * * LOW HITPOINT WARNING * * *
Removeelyvilon's ghost hits you but does no damage.
The hungry ghost hits you.
You hit the hungry ghost.
The hungry ghost is almost destroyed.
Removeelyvilon's ghost gestures at you while chanting.
The flame tongue hits you! The fire burns you terribly!
You die...
Your body crumbles into a pile of gold.

#.# ### #.# ##.## #.#
##>#.###.##
#####.###.#W!.# #
##....## ##....#
....#####.###.!###.#...#
#......# #...#W######
#.###..###@W#.##
#.#....W..# #.#####.###
#.#####.# #.......#
#########


You could see a hungry ghost and removeelyvilon's ghost.

Vanquished Creatures
  Grinder (D:3)
  Menkaure (D:6)
  An orc warrior (D:5)
  A sky beast (D:5)
  A slave (D:7)
  A black bear (D:6)
  An ogre (D:5)
  4 centaurs
  2 bullfrogs (D:6)
  Blork the orc (D:6)
  2 scorpions
  A water moccasin skeleton (D:7)
  3 killer bees (D:8)
  A howler monkey (D:6)
  2 crimson imps
  2 bullfrog zombies
  7 hounds
  2 bullfrog skeletons
  2 orc priests
  7 orc wizards
  An iguana (D:5)
  4 worker ants
  A hound skeleton (D:5)
  Robin (D:4)
  A worker ant zombie (D:6)
  A gnoll (D:1)
  8 adders
  4 shadow imps
  An adder zombie (D:5)
  An adder skeleton (D:8)
  A worm (D:6)
  2 dart slugs
  4 leopard geckos
  29 orcs
  4 bats
  5 giant cockroaches
  13 goblins
  17 hobgoblins
  6 jackals
  11 kobolds
  2 quokkas
  3 ball pythons
  9 frilled lizards
  7 rats
  A spectral orc (D:6)
180 creatures vanquished.

Vanquished Creatures (others)
  An orc wizard (D:6)
1 creature vanquished.

Grand Total: 181 creatures vanquished

Notes
Turn   | Place    | Note
-------+----------+-------------------------------------------
     0 | D:1      | Alarkh the Mummy Necromancer began the quest for the Orb.
     0 | D:1      | Reached XP level 1. HP: 13/13 MP: 3/3
   182 | D:1      | Reached XP level 2. HP: 6/19 MP: 3/5
   717 | D:1      | Reached XP level 3. HP: 24/24 MP: 5/7
  1036 | D:2      | Found a glowing golden altar of the Shining One.
  1362 | D:2      | Found a burning altar of Makhleb.
  1370 | D:2      | Reached skill level 5 in Necromancy
  1370 | D:2      | Reached XP level 4. HP: 29/30 MP: 6/8
  1375 | D:2      | Learned a level 3 spell: Vampiric Draining
  1380 | D:2      | Learned a level 4 spell: Control Undead
  1548 | D:3      | Noticed Grinder
  1681 | D:4      | Found a staircase to the Ecumenical Temple.
  1710 | Temple   | Entered the Ecumenical Temple
  2039 | Temple   | Became a worshipper of Gozag Ym Sagoz the Greedy
  2176 | D:4      | Reached XP level 5. HP: 33/35 MP: 7/10
  2239 | D:4      | Found an iron altar of Okawaru.
  2296 | D:4      | Noticed Robin
  2330 | D:4      | Killed Robin
  2416 | D:4      | Noticed a phantom
  2449 | D:5      | Entered Level 5 of the Dungeon
  2673 | D:4      | Reached XP level 6. HP: 33/41 MP: 3/12
  2679 | D:4      | Reached skill level 6 in Necromancy
  3336 | D:3      | Killed Grinder
  3336 | D:3      | Reached skill level 5 in Spellcasting
  3336 | D:3      | Reached XP level 7. HP: 19/46 MP: 8/14
  3525 | D:5      | Reached skill level 7 in Necromancy
  3612 | D:5      | Found a glowing silver altar of Zin.
  3646 | D:5      | Found a radiant altar of Vehumet.
  4319 | D:5      | Got a bloodstained robe
  4330 | D:5      | Identified the +1 robe "Puewisi" {Dex+2} (You found it on level 5 of the Dungeon)
  4842 | D:5      | Reached XP level 8. HP: 39/52 MP: 5/17
  5156 | D:6      | Reached skill level 8 in Necromancy
  5720 | D:6      | Noticed Blork the orc
  6272 | D:6      | Found a basalt altar of Yredelemnul.
  6386 | D:6      | Noticed Menkaure
  6399 | D:6      | Killed Menkaure
  6494 | D:6      | Killed Blork the orc
  6613 | D:6      | Found a deep blue altar of Sif Muna.
  6826 | D:6      | Found Caasisey's Assorted Antiques.
  6861 | D:6      | Reached skill level 1 in Fighting
  6918 | D:6      | Bought a jewelled bone wand for 96 gold pieces
  6960 | D:6      | Reached skill level 1 in Armour
  7160 | D:7      | Reached XP level 9. HP: 41/61 MP: 5/20
  7349 | D:7      | Found a sacrificial altar of Ru.
  7611 | D:7      | Found a stormy altar of Qazlal.
  7927 | D:8      | Noticed Pikel
  7928 | D:8      | Noticed Maurice
  8147 | D:8      | Noticed removeelyvilon's ghost (novice GrFE)
  8178 | D:8      | Killed from afar by removeelyvilon's ghost

Vault maps used:
D:1:      lemuel_arrival_behind_the_door_large
D:2:      makhleb_heckhound_becter, nicolae_tso_carved_into_rock,
          kennysheep_generic_room_6
D:3:      uniq_grinder
D:4:      kennysheep_six_static_rooms, kennysheep_okawaru_gauntlet, first_bread,
          grunt_ministairs_1, uniq_robin
D:5:      zin_statuary, fiery_altar_vehumet, minmay_misc_feat_room
D:6:      yredelemnul_forgotten_temple_becter, tgw_sif, serial_shops,
          nicolae_shop_crystal, uniq_menkaure, uniq_blork_the_orc
D:7:      nicolae_ru_sacrificial_ziggurat, overflow_temple_1_default
D:8:      grunt_ogre_cave, st_stairs_10, grunt_ministairs_9, ashenzari_altar_1,
          uniq_pikel, uniq_maurice
Temple:   compressed_dpeg_triangle_lava_temple

Skill      XL: |  1  2  3  4  5  6  7  8  9 |
---------------+----------------------------+-----
Spellcasting   | 3 4 5 6 7 |  7.5
Necromancy     | 5 6 7 8 |  8.8
Fighting       | 1 3 |  3.1
Armour         | 1 2 |  2.6
Dodging        | 2 3 |  3.3
Stealth        | |  1.5

Action                   |  1- 3 |  4- 6 |  7- 9 || total
-------------------------+-------+-------+-------++-------
Melee: Dagger            |    22 |       |       ||    22
       Short sword       |     5 |   122 |   274 ||   401
       Falchion          |       |    45 |   348 ||   393
       Hand axe          |       |       |    46 ||    46
 Cast: Pain              |    65 |    48 |    41 ||   154
       Vampiric Draining |       |     2 |    27 ||    29
Evoke: Wand              |       |     8 |    21 ||    29
  Use: Scroll            |     2 |     5 |     2 ||     9
 Stab: Sleeping          |     1 |     3 |     3 ||     7
       Confused          |       |     3 |    12 ||    15
       Distracted        |       |       |     2 ||     2
Armor: Robe              |     2 |    35 |   178 ||   215
Dodge: Dodged            |    22 |   133 |   447 ||   602
